 Dungeon Crawl Stone Soup version 0.24-a0-312-g16217b4 (webtiles) character file.

Game seed: 10935715966520749038

2040 mhoghedin the Cudgeler (level 9, -14/67 HPs)
             Began as a Mummy Fighter on May 15, 2019.
             Was an Initiate of Gozag.
             Demolished by an ogre
             ... wielding the +8 dire flail "Conservator" {pain, *Rage +Rage rPois Str+7}
              (25 damage)
             ... on level 5 of the Dungeon.
             The game lasted 00:11:24 (7198 turns).

mhoghedin the Cudgeler (Mummy Fighter)              Turns: 7198, Time: 00:11:25

Health: -14/67     AC: 10    Str: 28    XL:     9   Next: 4%
Magic:  9/9        EV: 10    Int: 12    God:    Gozag
Gold:   428        SH: 10    Dex: 11    Spells: 8/8 levels left

rFire    x . .     SeeInvis .   b - +2 rapier "Toxedeuzxa" {vamp, +Blink}
rCold    + . .     Gourm    .   c - +0 shield
rNeg     + + +     Faith    .   q - +2 ring mail of the Duchess {Str+6 Int+4}
rPois    ∞         Spirit   .   j - +0 helmet
rElec    .         Reflect  .   (no cloak)
rCorr    .         Harm     +   (no gloves)
MR       +....                  d - +0 pair of boots
Stlth    ++........             t - amulet of harm
HPRegen  0.21/turn              e - ring of stealth {Stlth+}
MPRegen  0.11/turn              (no ring)

@: no status effects
A: no food or potions, fire vulnerability, cold resistance 1, negative energy
resistance 3, torment resistance, unbreathing
a: Potion Petition, Call Merchant, Bribe Branch, Renounce Religion, Evoke Blink


You were on level 5 of the Dungeon.
You worshipped Gozag.
Gozag was aware of your devotion.
You were not hungry.

You visited 1 branch of the dungeon, and saw 6 of its levels.
You also visited: Ossuary.

You collected 971 gold pieces.
You spent 216 gold pieces at shops.
You paid 327 gold pieces to Gozag.

Inventory:

Hand Weapons
 a - a +5 flail of protection
   (You took it off an orc on level 4 of the Dungeon)
 b - the +2 rapier "Toxedeuzxa" (weapon) {vamp, +Blink}
   (You bought it in a shop on level 6 of the Dungeon)

   It inflicts no extra harm, but heals its wielder when it wounds a living foe.
   It lets you blink.
Armour
 c - a +0 shield (worn)
 d - a +0 pair of boots (worn)
   (You found it on level 5 of the Dungeon)
 j - a +0 helmet (worn)
   (You found it on level 2 of the Dungeon)
 q - the +2 ring mail of the Duchess (worn) {Str+6 Int+4}
   (You found it on level 6 of the Dungeon)

   It affects your strength (+6).
   It affects your intelligence (+4).
 s - a +1 leather armour of fire resistance
   (You took it off a gnoll shaman on level 4 of the Dungeon)
 w - a +0 scale mail
Jewellery
 e - a ring of stealth (left hand) {Stlth+}
   (You found it on level 1 of the Dungeon)
 m - an uncursed ring of stealth {Stlth+}
   (You found it on level 3 of the Dungeon)
 t - an amulet of harm (around neck)
   (You found it on level 5 of the Dungeon)
Wands
 v - a wand of disintegration (11)
   (You found it on level 6 of the Dungeon)
Scrolls
 f - 4 scrolls of identify
 g - 3 scrolls of remove curse
 h - 2 scrolls of blinking {!r}
 i - a scroll of fog
 k - 2 scrolls of teleportation
 o - 2 scrolls of magic mapping {!r}
 p - a scroll of silence {unknown}
 r - a scroll of enchant armour {unknown}
 u - 2 scrolls of amnesia {unknown}


   Skills:
 - Level 4.9 Fighting
 + Level 0.3 Short Blades
 - Level 7.6 Maces & Flails
 - Level 3.9 Armour
 - Level 2.9 Dodging
 - Level 4.0 Shields


You had 8 spell levels left.
You didn't know any spells.
Your spell library was empty.

Dungeon Overview and Level Annotations

Branches:
Dungeon (6/15)             Temple (0/1) D:4

Altars:
Gozag
Kikubaaqudgha
Makhleb
Qazlal

Shops:
D:6 *

Annotations:
D:4 Prince Ribbit
D:5 1 transporter, RoseArtemis's ghost, amateur TeBe


Innate Abilities, Weirdness & Mutations

You do not eat or drink.
Your flesh is vulnerable to fire.
You are immune to poison.
Your flesh is cold resistant. (rC+)
You are immune to negative energy. (rN+++)
You are immune to unholy pain and torment.
You can survive without breathing.


Message History

Health restored: 67 No target in view!
No target in view!
No target in view!
No target in view!
No target in view!
No target in view!
No target in view!
No target in view!
No target in view!
You now have 422 gold pieces (gained 5).
q - a dazzling ring mail
Found an ancient bone altar of Kikubaaqudgha.
You start removing your armour.
You continue taking off your +1 leather armour of fire resistance. x4
You finish taking off your +1 leather armour of fire resistance.
You feel less resistant to fire.
You start putting on your armour.
You continue putting on your dazzling ring mail. x5
You finish putting on the +2 ring mail of the Duchess {Str+6 Int+4}.
Found a stormy altar of Qazlal.
There is a stormy altar of Qazlal here.
You open the door.
There is an open door here.
There is an open door here.
Found a stone staircase leading down.
Found a stone staircase leading down.
Things that are here:
11 arrows; a ration
g - 3 scrolls of remove curse (gained 1)
Found a stone staircase leading up.
Things that are here:
11 arrows; a ration
There is an open door here.
There is an open door here.
There is an open door here.
There is an open door here.
Done exploring.
Done exploring.
(D) Dungeon (T) Temple
Where to? (Enter - D:6 @ (x,y), ? - help)
There is an open door here.
There is a stone staircase leading up here.
You climb upwards.
Level annotation: 2 transporters, RoseArtemis's ghost, amateur TeBe
There is a stone staircase leading down here.
There is a stone staircase leading up here.
You now have 428 gold pieces (gained 6).
You see here a +0 falchion.
Partly explored, unvisited transporter.
Partly explored, unvisited transporter.
There is a stone staircase leading up here.
Wield which item (- for none, * to show all)? (? for menu, Esc to quit)
You feel the dreadful sensation subside.
Your +5 flail of protection hums with potential!
n - a +5 flail of protection (weapon)
Wield which item (- for none, * to show all)? (? for menu, Esc to quit)
Your +5 flail of protection goes still.
You feel an empty sense of dread.
w - the +2 rapier "Toxedeuzxa" (weapon)
{vamp, +Blink} Adjust to which letter? (? for menu, Esc to quit)
b - the +2 rapier "Toxedeuzxa" (weapon)
{vamp, +Blink}
w - a +0 scale mail You feel the dreadful sensation subside.
a - a +4 dagger (weapon)
You are now empty-handed.
You drop a +4 dagger.
You drop a +0 flail.
Adjust to which letter? (? for menu, Esc to quit)
a - a +5 flail of protection Your +5 flail of protection hums with potential!
a - a +5 flail of protection (weapon)
Your +5 flail of protection goes still.
You feel an empty sense of dread.
b - the +2 rapier "Toxedeuzxa" (weapon)
{vamp, +Blink} The ogre shouts!
The ogre shouts!
There is a transporter here.
You enter the transporter and appear at another place.
You completely miss the ogre.
The ogre hits you with a +0 giant spiked club!
You take 12 damage, and have 55/67 hp.
You hit the ogre.
You feel better. The ogre closely misses you.
You regained 2 hp, and now have 57/67 hp.
You hit the ogre.
You feel better.
The ogre hits you with a +0 giant spiked club.
You take 5 damage, and have 52/67 hp.
You hit the ogre. You block the ogre's attack.
You barely miss the ogre.
You can't drink.
You barely miss the ogre. You block the ogre's attack.
You hit the ogre but do no damage.
The ogre hits you with a +0 giant spiked club!
You take 10 damage, and have 43/67 hp.
You barely miss the ogre.
The ogre hits you with a +0 giant spiked club!!
* * * LOW HITPOINT WARNING * * *
RoseArtemis's ghost screams in joy, "As in life, so in death: Kill!
Kill!!
Kill!!!"
You take 33 damage, and have 10/67 hp.
MASSIVE DAMAGE!!
The ogre hits you with the +8 dire flail "Conservator" {pain, *Rage +Rage rPois Str+7}!!
You die...
Your body crumbles into a pile of gold.

...........#.###>.# #.# #
#.#.####.....# #..# #####.# #
....# #..#### #..# #.....# #
..<.# #..# #..# ##.###.# ....#
#.)# ##..# #..# #.# ##### #..#
#...# #..###.##### #
#..#####.#.####........... #
#####...!.########..##...##### #
#..<...####?.@...#.###...# #
#.####.####OO##..#%# #...# # #.#
#....#O#..#.#.# #...#
####.#########W#..#.#.###...##
....#...# #.$##..#©.#.%...##
####.##.# #©....(#.........#
#.##.######..##.%#©.#.....####
####.##......#.#..#.#.###........
.....#########.#..#.#.# ##...####


You could see 3 ogres and RoseArtemis's ghost.

Vanquished Creatures
  Pikel (D:5)
  A slave (D:5)
  2 phantoms
  2 centaurs
  2 bullfrogs (D:6)
  3 elf skeletons (D:4)
  A scorpion (D:6)
  2 crimson imps (D:5)
  A bullfrog zombie (D:6)
  2 quasits
  2 orc priests
  A gnoll shaman (D:4)
  A centaur skeleton (D:4)
  2 iguanas
  3 orc wizards (D:6)
  2 human skeletons (D:4)
  3 worker ants
  A hound zombie (D:5)
  A hound skeleton (D:5)
  3 mummies (Ossuary)
  A howler monkey zombie (D:6)
  5 gnolls
  13 adders
  An ooze (D:4)
  5 adder zombies
  An adder skeleton (D:6)
  2 worms
  A dart slug (D:3)
  2 leopard geckos
  23 orcs
  7 giant cockroaches
  A gnoll zombie (Ossuary)
  7 goblins
  11 hobgoblins
  6 jackals
  4 quokkas
  3 ball pythons
  6 bats
  8 frilled lizards
  A goblin zombie (Ossuary)
  4 hobgoblin zombies (Ossuary)
  A jackal zombie (D:5)
  12 kobolds
  An orc skeleton (D:4)
  4 quokka zombies (Ossuary)
  12 rats
  4 rat zombies (Ossuary)
182 creatures vanquished.

Vanquished Creatures (others)
  A slave (D:6)
1 creature vanquished.

Grand Total: 183 creatures vanquished

Notes
Turn   | Place    | Note
-------+----------+-------------------------------------------
     0 | D:1      | mhoghedin the Mummy Fighter began the quest for the Orb.
     0 | D:1      | Reached XP level 1. HP: 18/18 MP: 1/1
   115 | D:1      | Reached XP level 2. HP: 12/24 MP: 2/2
   123 | D:1      | HP: 5/24 [hobgoblin/+0 club (4)]
   679 | D:1      | Reached XP level 3. HP: 29/29 MP: 3/3
   802 | D:2      | Reached skill level 2 in Maces & Flails
   928 | D:2      | Reached skill level 1 in Dodging
  1323 | D:2      | Reached XP level 4. HP: 35/35 MP: 4/4
  1530 | D:3      | Reached skill level 3 in Shields
  1825 | D:2      | Reached skill level 3 in Armour
  1841 | D:3      | Reached XP level 5. HP: 42/42 MP: 5/5
  2601 | D:4      | Found an opulent altar of Gozag.
  2610 | D:4      | Found a burning altar of Makhleb.
  2631 | D:4      | Became a worshipper of Gozag Ym Sagoz the Greedy
  2690 | D:4      | Reached skill level 4 in Fighting
  2699 | D:4      | Found a sand-covered staircase.
  2713 | D:4      | Reached skill level 2 in Dodging
  2713 | D:4      | Reached XP level 6. HP: 45/48 MP: 6/6
  2789 | D:4      | Found a staircase to the Ecumenical Temple.
  2812 | Ossuary  | Entered an ossuary
  2833 | Ossuary  | HP: 8/49 [mummy (15)]
  2952 | Ossuary  | Reached skill level 3 in Maces & Flails
  3482 | D:4      | Reached XP level 7. HP: 51/55 MP: 7/7
  4091 | D:4      | Reached skill level 4 in Shields
  4344 | D:5      | Entered Level 5 of the Dungeon
  4473 | D:5      | Found a transporter.
  4474 | D:5      | Found a transporter.
  4474 | D:5      | Noticed RoseArtemis's ghost (amateur TeBe)
  4475 | D:5      | Noticed Prince Ribbit
  4476 | D:5      | Identified the +8 dire flail "Conservator" {pain, *Rage
                  | +Rage rPois Str+7}
  4504 | D:5      | HP: 10/55 [Prince Ribbit (11)]
  4506 | D:5      | HP: 2/55 [Prince Ribbit (8)]
  5212 | D:5      | Reached skill level 4 in Maces & Flails
  5222 | D:5      | Reached XP level 8. HP: 24/61 MP: 8/8
  5879 | D:6      | Noticed Pikel
  6024 | D:5      | Killed Pikel
  6024 | D:5      | Reached skill level 6 in Maces & Flails
  6351 | D:6      | Reached skill level 7 in Maces & Flails
  6404 | D:6      | HP: 12/61 [iguana (12)]
  6670 | D:6      | Found Ziof's Assorted Antiques.
  6708 | D:6      | Reached XP level 9. HP: 66/67 MP: 9/9
  6735 | D:6      | Bought a steaming rapier for 216 gold pieces
  6735 | D:6      | Identified the cursed +2 rapier "Toxedeuzxa" {vamp, +Blink}
                  | (You bought it in a shop on level 6 of the Dungeon)
  6852 | D:6      | Got a dazzling ring mail
  6865 | D:6      | Found an ancient bone altar of Kikubaaqudgha.
  6876 | D:6      | Identified the +2 ring mail of the Duchess {Str+6 Int+4}
                  | (You found it on level 6 of the Dungeon)
  6876 | D:6      | Found a stormy altar of Qazlal.
  7195 | D:5      | HP: 10/67 [ogre/+0 giant spiked club (33)]
  7198 | D:5      | Demolished by an ogre

Levels and vault maps discovered:
D:1:      minmay_arrival_cross, layout_basic
D:2:      layout_basic, minmay_tetromino_s4
D:3:      layout_loops_ring, first_ration
D:4:      layout_cave_pools, chequers_temple_overflow_statue_of_worship,
          minmay_temple_entry_junction_2, nicolae_ossuary_entry_catacombs
D:5:      layout_loops_ring, gammafunk_ghost_smash, uniq_prince_ribbit1
D:6:      layout_gridville, minitemple, serial_shops, shop, uniq_pikel

Skill      XL: |  1  2  3  4  5  6  7  8 |
---------------+-------------------------+-----
Maces & Flails | 2 3 4 7 |  7.6
Dodging        | 1 2 |  2.9
Shields        | 3 4 |  4.0
Armour         | 3 |  3.9
Fighting       | 4 |  4.9
Short Blades   | |  0.3

Action                   |  1- 3 |  4- 6 |  7- 9 || total
-------------------------+-------+-------+-------++-------
Melee: Flail             |   166 |   227 |   281 ||   674
       Dagger            |       |    55 |       ||    55
       Rapier            |       |       |    22 ||    22
Invok: Potion Petition   |       |     1 |     1 ||     2
  Use: Scroll            |       |     4 |     8 ||    12
 Stab: Distracted        |       |     1 |       ||     1
       Sleeping          |       |       |     5 ||     5
Armor: Scale mail        |    79 |   120 |    70 ||   269
       Leather armour    |       |       |    63 ||    63
Dodge: Dodged            |    67 |   112 |   121 ||   300
Block: Shield            |    94 |   172 |   170 ||   436

Table legend:
 A = Non-vault XP
 B = Vault XP
 C = Vault XP percentage of total XP
 D = Non-vault monster count
 E = Vault monster count
 F = Vault count percentage of total count
                 A         B        C        D         E       F
            +---------+---------+-------+---------+---------+-------
      Total |    1918 |     997 |  34.2 |     151 |      30 |  16.6
            +---------+---------+-------+---------+---------+-------
        D:1 |      44 |       0 |   0.0 |      29 |       0 |   0.0
        D:2 |     120 |       4 |   3.2 |      23 |       2 |   8.0
        D:3 |     153 |       0 |   0.0 |      30 |       0 |   0.0
        D:4 |     336 |     316 |  48.5 |      21 |       6 |  22.2
        D:5 |     435 |     586 |  57.4 |      22 |       1 |   4.3
        D:6 |     830 |       0 |   0.0 |      26 |       0 |   0.0
    Ossuary |       0 |      91 | 100.0 |       0 |      21 | 100.0
            +---------+---------+-------+---------+---------+-------

Levels and vault maps discovered:
D:1:      minmay_arrival_cross, layout_basic
D:2:      layout_basic, minmay_tetromino_s4
D:3:      layout_loops_ring, first_ration
D:4:      layout_cave_pools, chequers_temple_overflow_statue_of_worship,
          minmay_temple_entry_junction_2, nicolae_ossuary_entry_catacombs
D:5:      layout_loops_ring, gammafunk_ghost_smash, uniq_prince_ribbit1
D:6:      layout_gridville, minitemple, serial_shops, shop, uniq_pikel

Table legend:
 A = Turns spent in this place as a percentage of turns spent in the entire game.
 B = Non-inter-level travel turns spent in this place as a percentage of non-inter-level travel turns spent in the entire game.
 C = Inter-level travel turns spent in this place as a percentage of turns spent in this place.
 D = Turns resting spent in this place as a percentage of non-inter-level travel turns spent in this place.
 E = Turns spent auto-exploring this place as a percentage of non-inter-level travel turns spent in this place.
 F = Non-inter-level travel turns spent in this place divided by the number of levels of this place that you've seen.
                   A       B       C       D       E      F
               +-------+-------+-------+-------+-------+----------------------
         Total | 100.0 | 100.0 |   3.3 |  34.6 |  42.1 | 993.9
       Dungeon |  94.7 |  94.5 |   3.5 |  33.9 |  43.4 | 1096.0
       Ossuary |   5.3 |   5.5 |   0.0 |  47.0 |  18.4 | 381.0
               +-------+-------+-------+-------+-------+----------------------

Table legend:
 A = Kills in this place as a percentage of kills in entire the game.
 B = Kills by you in this place as a percentage of kills by you in the entire game.
 C = Kills by friends in this place as a percentage of kills by friends in the entire game.
 D = Other kills in this place as a percentage of other kills in the entire game.
 E = Experience gained in this place as a percentage of experience gained in the entire game.
 F = Experience gained in this place divided by the number of levels of this place that you have seen.
                   A       B       C       D       E      F
               +-------+-------+-------+-------+-------+----------------------
         Total | 100.0 | 100.0 |   N/A |   N/A | 100.0 | 416.4
       Dungeon |  88.4 |  88.4 |   N/A |   N/A |  96.9 | 470.7
       Ossuary |  11.6 |  11.6 |   N/A |   N/A |   3.1 |  91.0
               +-------+-------+-------+-------+-------+----------------------
